 Dungeon Crawl Stone Soup version 0.31-a0-182-gc5ef74bbde (webtiles) character file.

Game seed: 13830398459805934903

5343 frimble the Grappler (level 10, -7/68 HPs)
             Began as an Octopode Warper on June 20, 2023.
             Was a Follower of Cheibriados.
             Killed from afar by a deep elf zephyrmancer (38 damage)
             ... with a bolt of lightning
             ... in a bailey.
             The game lasted 00:18:25 (9880 turns).

frimble the Grappler (Octopode Warper)              Turns: 9880, Time: 00:18:26

Health: -7/68      AC:  1    Str: 17    XL:     10   Next: 65%
Magic:  14/14      EV: 14    Int: 18    God:    Cheibriados [*.....]
Gold:   1508       SH:  7    Dex: 13    Spells: 13/15 levels left

rFire   . .          .
                       - Unarmed
rCold   + . .        p - +2 buckler
rNeg    . . .        (helmet restricted)
rPois   .            (no amulet)
rElec   .            e - ring of see invisible
rCorr   .            o - ring of protection from cold
SInv    +            (no ring)
Will    .....        (no ring)
Stlth   ++++         (no ring)
HPRegen 0.31/turn    (no ring)
MPRegen 0.14/turn    (no ring)
                     (no ring)

%: no passive effects
@: very slow
A: almost no armour, amphibious, 8 rings, camouflage 1, gelatinous body 1,
(nimble swimmer 1), tentacles
a: Renounce Religion, Bend Time


You were in a bailey.
You worshipped Cheibriados.
Cheibriados was aware of your devotion.
You visited 2 branches of the dungeon, and saw 10 of its levels.
You also visited: Bailey.

You collected 1508 gold pieces.

Inventory:

Missiles
 b - 7 boomerangs of dispersal
 f - 2 boomerangs (quivered)
 g - a javelin
 s - 8 poisoned darts
Armour
 p - a +2 buckler (worn)
Jewellery
 e - a ring of see invisible (left tentacle)
 o - a ring of protection from cold (right tentacle)
Wands
 k - a wand of flame (25)
Scrolls
 a - a scroll of blinking
 c - 3 scrolls of enchant weapon
 n - a scroll of identify
 x - a scroll of amnesia
 A - a scroll of brand weapon
Potions
 d - 3 potions of brilliance
 h - 2 potions of enlightenment {unknown}
 i - 2 potions of haste {unknown}
 j - a potion of mutation
 l - a potion of ambrosia
 m - a potion of heal wounds {unknown}
 q - 2 potions of lignification {unknown}
 w - 4 potions of curing
 z - a potion of degeneration {unknown}


   Skills:
 - Level 6.0 Fighting
 - Level 3.0 Throwing
 - Level 4.6 Dodging
 - Level 5.0 Stealth
 - Level 7.0 Shields
 + Level 9.7 Unarmed Combat
 - Level 3.0 Spellcasting
 - Level 4.0 Translocations
 - Level 4.2 Evocations


You had 13 spell levels left.
You knew the following spells:

 Your Spells              Type           Power      Damage    Failure   Level
a - Blink                 Tloc           34%        N/A       6%          2

Your spell library contained the following spells:

 Spells                   Type           Power      Damage    Failure   Level
 Lesser Beckoning         Tloc           34%        N/A       6%          2
 Teleport Other           Tloc           17%        N/A       12%         3
 Freeze                   Ice            8%         1d3       21%         1
 Vhi's Electric Charge    Tloc/Air       18%        N/A       26%         3
 Cigotuvi's Dreadful Rot  Necr/Pois/Air  4%         N/A       30%         2
 Manifold Assault         Tloc           17%        N/A       36%         4
 Frozen Ramparts          Ice            4%         1d1       52%         3
 Hailstorm                Conj/Ice       2%         3d3       52%         3
 Ignite Poison            Fire/Tmut/Pois 2%         N/A       52%         3
 Freezing Cloud           Conj/Ice/Air   1%         6-21      99%         5
 Malign Gateway           Summ/Tloc      4%         N/A       100%        7
 Summon Horrible Things   Summ           1%         N/A       100%        8
 Chain Lightning          Conj/Air       1%         3d1       100%        9
 Fire Storm               Conj/Fire      1%         7d1       100%        9
 Shatter                  Erth           1%         3d5*      100%        9


Dungeon Overview and Level Annotations

Branches:
Dungeon (9/15)             Temple (1/1) D:6             Orc (0/2) D:9
 Bailey (1/1)
   Lair: D:8-11

Altars:
Ashenzari
Cheibriados
Dithmenos
Elyvilon
Fedhas
Gozag
Hepliaklqana
Kikubaaqudgha
Makhleb
Nemelex Xobeh
Okawaru
Qazlal
Ru
Sif Muna
Trog
Uskayaw
Wu Jian
Xom
Yredelemnul
Zin
The Shining One

Shops:
D:8 *(

Annotations:
D:4 1 runed translucent door, frimble's ghost, amateur OpWr


Innate Abilities, Weirdness & Mutations

You cannot wear most types of armour.
You are amphibious.
You can wear up to eight rings at the same time.
Your skin changes colour to match your surroundings (Stealth+).
Your rubbery body absorbs attacks. (AC +1, EV +1)
((You are camouflaged when in or above water. (Stealth+)))
You have tentacles for arms and can constrict up to eight enemies at once.


Message History

Aim: an orc warrior, wielding a +0 glaive and wearing a +0 chain mail (severely wounded, 58% to hit)
You throw a boomerang. The boomerang hits the orc warrior.
The orc warrior is severely wounded.
Throw: 2 boomerangs
Press: ? - help, Q - select action, (/) - cycle Shift-Dir - straight line, f/p - orc warrior
Aim: an orc warrior, wielding a +0 glaive and wearing a +0 chain mail (severely wounded, 58% to hit)
You throw a boomerang.
The boomerang barely misses the orc warrior.
The orc warrior misses you. The orc warrior completely misses you.
You bludgeon the orc warrior!
You kill the orc warrior!
Cheibriados appreciates the change of pace.
No target in view!
No target in view!
No target in view!
No target in view!
No target in view!
No target in view!
Items here: )) [[ ÷.
s - 7 poisoned darts (gained 1)
s - 8 poisoned darts (gained 1)
You enter the deep water.
You enter the deep water.
There is a large open door here.
Found a glowing plate armour, an embroidered robe and a shiny ring mail.
You now have 1508 gold pieces (gained 15).
The deep elf zephyrmancer shouts!
Could not explore, unopened runed door.
Press: ? - help, v - describe, . - travel, g - get item Item here: a runed orcbow.
The floor.
Unknown command.
You open the large door.
The deep elf zephyrmancer gestures at you while chanting.
The bolt of lightning hits you!!!
Ouch! That really hurt!
The bolt of lightning hits you!!!
Ouch! That really hurt!
You die...

≈♣..#### ####
≈♣..#..##########..#
≈)..#..............#
≈)♣.##............##
≈....#..########..#
##...#.8##....##8.#
.....#..#[.....#..#
.....'..#??##..'..#
.....'..#.[##.e'@.#
.....#..#.[....#..#
##...#.8##)...##8.#
≈....#..########..#
≈...##............##
≈...#..............#
≈≈..#..##########..#
≈≈..#### #### ≈≈≈..♣


You could see a deep elf zephyrmancer.

Vanquished Creatures
  A two-headed ogre (D:8)
  An orc knight (Bailey)
  Edmund (D:5)
  2 water moccasins
  Duvessa (D:5)
  6 orc warriors
  An ice beast (D:5)
  A centaur (D:8)
  4 ogres
  A phantom (D:6)
  6 bullfrogs
  A kobold brigand (D:5)
  Blork the orc (D:5)
  2 gnoll sergeants
  A scorpion (D:4)
  15 wights
  Dowan (D:5)
  A quasit (D:6)
  2 jellies
  5 hounds
  2 orc priests
  A gnoll bouda (D:5)
  4 iguanas
  2 sleepcaps
  Jessica (D:3)
  Natasha (twice) (D:3)
  6 orc wizards
  Ijyb (D:3)
  Robin (D:3)
  13 gnolls
  10 adders
  6 shadow imps
  2 white imps
  4 ufetubi (D:6)
  4 worms
  2 dart slugs
  35 orcs
  5 endoplasms
  5 giant cockroaches
  17 goblins
  11 hobgoblins
  6 jackals
  3 quokkas
  12 ball pythons
  11 bats
  3 frilled lizards
  15 kobolds
  8 rats
246 creatures vanquished.

Vanquished Creatures (others)
  A wizard (D:3)
1 creature vanquished.

Grand Total: 247 creatures vanquished

Notes
Turn   | Place    | Note
-------+----------+-------------------------------------------
     0 | D:1      | frimble the Octopode Warper began the quest for the Orb.
     0 | D:1      | Reached XP level 1. HP: 14/14 MP: 3/3
   175 | D:1      | Reached XP level 2. HP: 15/19 MP: 5/5
   428 | D:1      | Reached XP level 3. HP: 17/24 MP: 6/6
   617 | D:1      | Found a faded altar of an unknown god.
   625 | D:1      | Reached skill level 3 in Unarmed Combat
   767 | D:1      | Learned a level 2 spell: Blink
  1244 | D:2      | Reached XP level 4. HP: 26/29 MP: 7/7
  1914 | D:3      | Noticed Ijyb
  1923 | D:3      | Killed Ijyb
  1924 | D:3      | Reached skill level 4 in Unarmed Combat
  1924 | D:3      | Reached XP level 5. HP: 15/35 MP: 8/8
  2040 | D:3      | Noticed Jessica
  2045 | D:3      | Killed Jessica
  2185 | D:3      | Found an iron altar of Okawaru.
  2211 | D:3      | Found a shadowy altar of Dithmenos.
  2267 | D:3      | Reached XP level 6. HP: 35/42 MP: 9/9
  2329 | D:3      | Noticed Robin
  2357 | D:3      | Killed Robin
  2397 | D:3      | Noticed Natasha
  2406 | D:3      | Killed Natasha
  2407 | D:3      | Reached skill level 1 in Evocations
  2573 | D:3      | Found a bloodstained altar of Trog.
  2577 | D:3      | Noticed a wizard
  2581 | D:3      | Killed a wizard
  2839 | D:3      | Noticed Natasha
  2850 | D:3      | Killed Natasha
  3089 | D:4      | Found a runed translucent door.
  3090 | D:4      | Noticed frimble's ghost (amateur OpWr)
  3155 | D:5      | Entered Level 5 of the Dungeon
  3174 | D:4      | Reached skill level 5 in Unarmed Combat
  3354 | D:4      | Found a hide-covered altar of Uskayaw.
  3354 | D:4      | Found a broken altar of Ashenzari.
  3580 | D:4      | Reached XP level 7. HP: 46/46 MP: 10/10
  3676 | D:4      | Found a sparkling altar of Nemelex Xobeh.
  4494 | D:5      | Noticed Edmund
  4496 | D:5      | Reached skill level 6 in Unarmed Combat
  4779 | D:6      | Reached skill level 1 in Stealth
  4800 | D:6      | Reached XP level 8. HP: 20/54 MP: 5/11
  5053 | D:6      | Found a staircase to the Ecumenical Temple.
  5064 | D:6      | Found an opulent altar of Gozag.
  5273 | Temple   | Entered the Ecumenical Temple
  5397 | D:6      | Found a stormy altar of Qazlal.
  5941 | D:7      | Found a burning altar of Makhleb.
  6022 | D:7      | Reached skill level 5 in Fighting
  6022 | D:7      | Reached skill level 5 in Stealth
  6468 | D:7      | Reached XP level 9. HP: 24/62 MP: 12/12
  6710 | D:7      | Found a shimmering altar of Xom.
  6839 | D:5      | Noticed Blork the orc
  6845 | D:5      | Killed Blork the orc
  6846 | D:5      | Reached skill level 1 in Shields
  7079 | D:5      | Noticed Duvessa
  7093 | D:5      | Killed Duvessa
  7126 | D:5      | Noticed Dowan
  7215 | D:5      | Killed Dowan
  7334 | D:5      | Found an ornate altar of the Wu Jian Council.
  7623 | D:5      | Reached skill level 5 in Shields
  8277 | D:5      | Killed Edmund
  8278 | D:5      | Reached skill level 7 in Unarmed Combat
  8436 | D:5      | Identified a scroll of acquirement
  8436 | D:5      | Acquired 829 gold pieces
  8490 | D:8      | Found Funuin Dist's Antique Weapon Shop.
  8495 | D:8      | Noticed a two-headed ogre
  8501 | D:8      | Killed a two-headed ogre
  8502 | D:8      | Reached XP level 10. HP: 51/68 MP: 14/14
  8506 | D:8      | Reached skill level 8 in Unarmed Combat
  8623 | D:8      | Found a snail-covered altar of Cheibriados.
  8701 | D:8      | Noticed a boulder beetle
  9017 | D:8      | Found Zin's Purification Station.
  9023 | D:8      | Found a glowing silver altar of Zin.
  9163 | D:8      | Became a worshipper of Cheibriados the Contemplative
  9296 | D:9      | Found a staircase to the Orcish Mines.
  9412 | D:9      | Noticed a two-headed ogre
  9442 | D:9      | Found a flagged portal.
  9451 | Bailey   | Entered a bailey
  9561 | Bailey   | Found a large runed translucent door.
  9561 | Bailey   | Found a large runed translucent door.
  9562 | Bailey   | Noticed a deep elf zephyrmancer
  9643 | Bailey   | Noticed an orc knight
  9674 | Bailey   | Reached skill level 9 in Unarmed Combat
  9711 | Bailey   | Reached * piety under Cheibriados
  9772 | Bailey   | Killed an orc knight
  9880 | Bailey   | Killed from afar by a deep elf zephyrmancer

Illustrated notes

Levels and vault maps discovered:
D:1:      arrival_zaba_pyramid, layout_basic, chequers_ecumenical_altar_island
D:2:      minmay_chambers_of_twos, layout_loops_ring, serial_bayou_ford_a
D:3:      layout_loops_ring, lemuel_tele_altar, trog_wizard,
          kennysheep_okawaru_gauntlet, uniq_natasha, uniq_robin, uniq_ijyb,
          uniq_jessica
D:4:      layout_basic, nemelex_spade_bored_becter,
          chequers_temple_overflow_statue_of_worship, gammafunk_ghost_grave,
          minmay_between
D:5:      layout_basic, mainiacjoe_overflow_surrounded_room,
          dreamdust_gnoll_farm, uniq_duvessa, uniq_blork_the_orc, uniq_edmund
D:6:      layout_basic, grunt_gozag_breadcrumbs,
          mainiacjoe_overflow_small_starburst,
          minmay_temple_entry_gardened_gates, serial_demonic, serial_demonic_a,
          serial_demonic_c, serial_demonic_f, serial_demonic_a
D:7:      layout_loops_ring, mainiacjoe_overflow_alcove_1, kennysheep_mini
D:8:      layout_loops_ring, mainiacjoe_overflow_cross_hatched, zin_purify,
          serial_shops, nicolae_shop_overgrown_old_shop
D:9:      layout_irregular_city, hellmonk_lair_entry_icy, orc_david_3,
          serial_shops, shop, enter_bailey_8, kennysheep_crisscross
Temple:   nicolae_temple_two_arcs
Bailey:   bailey_polearm_elven_captive_hellmonk, bailey

Skill      XL: |  1  2  3  4  5  6  7  8  9 10 |
---------------+-------------------------------+-----
Dodging        | 3 4 |  4.6
Unarmed Combat | 3 4 5 6 7 9 |  9.7
Fighting       | 3 6 |  6.0
Evocations     | 2 4 |  4.2
Stealth        | 2 5 |  5.0
Throwing       | 3 |  3.0
Spellcasting   | 3 |  3.0
Translocations | 4 |  4.0
Shields        | 6 7 |  7.0

Action                     |  1- 3 |  4- 6 |  7- 9 | 10-12 || total
---------------------------+-------+-------+-------+-------++-------
  Melee: Unarmed           |    81 |   169 |   251 |    55 ||   556
         Constrict         |    21 |    44 |    62 |    14 ||   141
         Tentacles         |    17 |    43 |    68 |    20 ||   148
         Punch             |     1 |     7 |    13 |     2 ||    23
  Throw: Javelin           |       |     2 |     3 |     1 ||     6
         Dart              |       |       |     8 |    18 ||    26
         Boomerang         |       |       |    57 |   207 ||   264
   Cast: Blink             |       |     2 |     7 |     1 ||    10
  Evoke: Wand              |       |     3 |    18 |    19 ||    40
    Use: Scroll            |     6 |     1 |    10 |     4 ||    21
         Potion            |       |     2 |       |     1 ||     3
   Stab: Sleeping          |     5 |     3 |     5 |     1 ||    14
 Armour: Skin              |     4 |     8 |     7 |       ||    19
  Dodge: Dodged            |    40 |    96 |   145 |    39 ||   320
  Block: Buckler           |       |       |     7 |    15 ||    22

Table legend: (Time is in decaauts)
 A = Elapsed time spent in this place.
 B = Non-inter-level travel time spent in this place.
 C = Inter-level travel time spent in this place.
 D = Time resting spent in this place.
 E = Time spent auto-exploring this place.
 F = Levels seen in this place.
 G = Mean time per level.
                   A        B        C        D        E       F      G
               +--------+--------+--------+--------+--------+-----+--------+
         Total |  10016 |   9593 |    423 |     93 |   7231 |  11 |  910.5 |
       Dungeon |   9398 |   8987 |    411 |     93 |   7000 |   9 | 1044.2 |
        Temple |     96 |     85 |     11 |      0 |     82 |   1 |   96.0 |
        Bailey |    521 |    521 |      0 |      0 |    148 |   1 |  521.0 |
               +--------+--------+--------+--------+--------+-----+--------+

Top non-repeatable levels by time:
     D:5: 1587 daAuts
     D:4: 1410 daAuts
     D:6: 1310 daAuts
     D:3: 1285 daAuts
     D:2: 1033 daAuts
     D:7: 939 daAuts
     D:1: 785 daAuts
     D:8: 759 daAuts
  Bailey: 521 daAuts
     D:9: 286 daAuts
  Temple: 96 daAuts
